 Dungeon Crawl Stone Soup version 0.29.1-4-g47bece8355 (webtiles) character file.

Game seed: 6481521986378809014

51 KittyFluff the Trooper (level 3, -3/23 HPs)
             Began as a Gargoyle Berserker on Dec 1, 2022.
             Was a Believer of Trog.
             Slain by a gnoll
             ... wielding a +0 whip
              (7 damage)
             ... on level 3 of the Dungeon.
             The game lasted 00:10:43 (2530 turns).

KittyFluff the Trooper (Gargoyle Berserker)         Turns: 2530, Time: 00:10:45

Health: -3/23      AC:  8    Str: 20    XL:     3   Next: 81%
Magic:  3/3        EV: 12    Int:  7    God:    Trog [**....]
Gold:   72         SH:  5    Dex: 13    Spells: 2/2 levels left

rFire   . . .      SeeInvis .   a - +0 mace
rCold   . . .      Faith    .   (no shield)
rNeg    + . .      Spirit   .   b - +1 leather armour "Ygik Wuil" {Dex+2}
rPois   ∞          Reflect  +   (no helmet)
rElec   +          Harm     .   j - scarf {+Inv}
rCorr   .          Rampage  .   (no gloves)
Will    .....                   p - +0 pair of boots
Stlth   +.........              m - amulet of reflection
HPRegen 0.07/turn               (no ring)
MPRegen 0.08/turn               (no ring)

@: no status effects
A: sickness immunity, AC +3, negative energy resistance 1, electricity
resistance, torment resistance 1, petrification resistance
a: Renounce Religion, Evoke Invisibility, Berserk, Trog's Hand


You were on level 3 of the Dungeon.
You worshipped Trog.
Trog was pleased with you.
You visited 1 branch of the dungeon, and saw 4 of its levels.

You collected 72 gold pieces.

Inventory:

Hand Weapons
 a - a +0 mace (weapon)
 q - the +7 dagger "Tugan" {elec, Str+3 Int+3 Dex+4}
   (You found it on level 2 of the Dungeon)

   It occasionally discharges a powerful burst of electricity upon striking a
   foe.
   Str:       It affects your strength (+3).
   Int:       It affects your intelligence (+3).
   Dex:       It affects your dexterity (+4).
Missiles
 f - 4 silver javelins
 h - 16 stones (quivered)
 k - 10 poisoned darts
 o - a throwing net
Armour
 b - the +1 leather armour "Ygik Wuil" (worn) {Dex+2}
   (You found it on level 3 of the Dungeon)

   Dex:       It affects your dexterity (+2).
 j - a scarf of invisibility (worn)
 p - a +0 pair of boots (worn)
Magical Staves
 i - a staff of conjuration
Jewellery
 g - an amulet of the acrobat
 m - an amulet of reflection (around neck)
Scrolls
 c - a scroll of noise {unknown}
 e - a scroll of blinking {unknown}
 l - a scroll of teleportation {unknown}
 n - 3 scrolls of fear {unknown}
 u - a scroll of enchant armour {unknown}
 v - a scroll of identify {unknown}
 w - a scroll of summoning {unknown}
Potions
 r - a potion of degeneration {unknown}
 s - a potion of heal wounds {unknown}
 t - a potion of curing {unknown}


   Skills:
 + Level 3.6 Fighting
 + Level 3.4 Maces & Flails
 + Level 0.1 Throwing
 * Level 3.3 Armour
 + Level 1.8 Dodging
 + Level 0.1 Shields


You had 2 spell levels left.
You didn't know any spells.
Your spell library contained the following spells:

 Spells                   Type           Power      Damage    Failure   Level
 Sandblast                Erth           0%         2d4       47%         1
 Passwall                 Tmut/Erth      0%         N/A       63%         2
 Stone Arrow              Conj/Erth      0%         3d7       85%         3


Dungeon Overview and Level Annotations

Branches:
Dungeon (4/15)
 Temple: D:4-7

Altars:

Shops:
D:1 [


Innate Abilities, Weirdness & Mutations

You are immune to sickness and miasma.
Your stone body is resilient. (AC +3)
You are immune to poison.
You resist negative energy. (rN+)
You are resistant to electric shocks. (rElec)
You are resistant to unholy torment.
You are immune to petrification.


Message History

You see here the +1 leather armour "Ygik Wuil" {Dex+2}.
b - the +1 leather armour "Ygik Wuil" {Dex+2} You start removing your armour.
You continue taking off your +0 leather armour. x4
You finish taking off your +0 leather armour.
You start putting on your armour.
You continue putting on the +1 leather armour "Ygik Wuil" {Dex+2}. x5
You finish putting on the +1 leather armour "Ygik Wuil" {Dex+2}.
You feel agile.
You drop a +0 leather armour.
A ball python comes into view.
The ball python hisses angrily.
You block the ball python's attack. The ball python closely misses you.
You sock the ball python!
You kill the ball python!
Trog accepts your kill.
You see here a ball python corpse.
Found 3 stones.
h - 16 stones (gained 3)
Found 5 gold pieces.
Found 6 stones.
A gnoll comes into view. It is wielding a +0 halberd.
You see here 5 gold pieces.
You now have 72 gold pieces (gained 5). 2 gnolls come into view.
Found a stone staircase leading down.
The gnoll shouts! x2
The gnoll hits you from afar with a +0 halberd!
You sock the gnoll!
The gnoll is severely wounded.
The gnoll barely misses you.
The gnoll hits you from afar with a +0 halberd.
You hit the gnoll but do no damage.
The gnoll is severely wounded.
The gnoll hits you from afar with a +0 halberd.
* * * LOW HITPOINT WARNING * * *
The gnoll hits you with a +0 whip.
* * * LOW HITPOINT WARNING * * *
The gnoll hits you with a +0 whip!
You die...

#.# #.#.#..####
#.######## #.#....#
#.##.....####.###.#######
#.##.....+..............#
#.##.....####.##.....####
#.##.....##>#.##.....##..
#.##.....##...##.....#...
. #.##.....##
#.g#.....##.. ..#
#.........#.#gg@.....# #
#.
####........#(..........#
..
#......#....#####..####+#
# #.#...........# ##.#
#.#.####....#.# ...
#.#.........#.# #...
#.#########.#.## .... #.
#.........†....# ... ..
######.....##..## #.


You could see 3 gnolls.

Vanquished Creatures
  An adder (D:2)
  A worm (D:2)
  2 ball pythons
  2 endoplasms
  A giant cockroach (D:2)
  2 goblins
  9 hobgoblins
  2 jackals (D:1)
  3 kobolds (D:2)
  3 quokkas
  4 bats
  2 rats
32 creatures vanquished.

Notes
Turn   | Place    | Note
-------+----------+-------------------------------------------
     0 | D:1      | KittyFluff the Gargoyle Berserker began the quest for the
                  | Orb.
     0 | D:1      | Reached XP level 1. HP: 14/14 MP: 1/1
   548 | D:1      | Reached XP level 2. HP: 19/19 MP: 2/2
   621 | D:1      | Found Nueng's Antique Armour Boutique.
   924 | D:2      | Found a faded altar of an unknown god.
  1090 | D:2      | Reached XP level 3. HP: 23/23 MP: 3/3
  1151 | D:2      | Identified the +7 dagger "Tugan" {elec, Str+3 Int+3 Dex+4}
  1694 | D:2      | You fall into a shaft and drop 2 floors!
  2377 | D:3      | Reached ** piety under Trog
  2416 | D:3      | Identified the +1 leather armour "Ygik Wuil" {Dex+2}
  2530 | D:3      | Slain by a gnoll

Illustrated notes

Levels and vault maps discovered:
D:1:      roderic_octagonal_star, layout_basic, serial_shops, shop
D:2:      layout_loops_ring, serial_rivers, chequers_serial_rivers_small_a,
          chequers_serial_rivers_micro_e, chequers_serial_rivers_marsh,
          chequers_serial_rivers_room_a, chequers_serial_rivers_room_b,
          chequers_serial_rivers_micro_a, shapermc_ecumenical_altar_pompeii,
          chequers_serial_rivers_large_a, minmay_goblin_kobold_house
D:3:      layout_basic, mainiacjoe_overflow_six_doors_small, old_standard_altar,
          serial_aquarium, aquarium_bridge_square [aquarium_subvault_bridge,
          aquarium_subvault_wall, aquarium_subvault_wall,
          aquarium_subvault_window], aquarium_window_2,
          aquarium_window_corridor_3, aquarium_window_1, aquarium_view_2f
D:4:      cheibrodos_greedy_goblins, layout_loops_ring,
          minmay_temple_entry_hall, serial_shops, nicolae_square_shop,
          uniq_natasha, uniq_robin, uniq_eustachio

Skill      XL: |  1  2  3 |
---------------+----------+-----
Armour         | 3 |  3.3
Fighting       | |  3.6
Maces & Flails | |  3.4
Throwing       | |  0.1
Dodging        | |  1.8
Shields        | |  0.1

Action                   || total
-------------------------++-------
Melee: Mace              ||    96
       Punch             ||     1
Throw: Stone             ||     3
 Stab: Sleeping          ||     1
Armor: Animal skin       ||    32
       Leather armour    ||     3
Dodge: Dodged            ||    57
Block: Other             ||    12
